 Dungeon Crawl Stone Soup version 0.18.1-8-gdd0e5ea (webtiles) character file.

153407 dvd the Stormcaller (level 17, -6/107 HPs)
             Began as a High Elf Air Elementalist on May 26, 2016.
             Was the Champion of Vehumet.
             Killed from afar by a greater naga (17 damage)
             ... with a poison arrow
             ... on level 4 of the Snake Pit on May 28, 2016.
             The game lasted 03:24:05 (42099 turns).

dvd the Stormcaller (High Elf Air Elementalist)    Turns: 42099, Time: 03:24:06

Health: -6/107     AC: 15    Str:  8    XL:     17   Next: 4%
Magic:  14/40      EV: 18    Int: 30    God:    Vehumet [******]
Gold:   2824       SH:  0    Dex: 20    Spells: 12 memorised, 7 levels left

rFire  + . .     SeeInvis +     R - +11 quarterstaff of the Present {elec, Fragile +Inv SInv}
rCold  . . .     Gourm    .     a - +1 ring mail {rPois}
rNeg   . . .     Faith    .     (shield currently unavailable)
rPois  +         Spirit   .     l - +2 helmet
rElec  +         Dismiss  .     D - +0 cloak
rCorr  .         Reflect  .     B - +1 pair of gloves
SustAt .         Harm     .     A - +0 pair of boots
MR     +....                    Q - amulet of magic regeneration
Stlth  +++.......               Z - +3 ring of intelligence
                                u - +5 ring of intelligence

@: lethally poisoned (-6 -> -11), about to teleport, very slightly contaminated,
studying Summonings, invisible, somewhat resistant to hostile enchantments,
fairly stealthy
A: hooves 1, yellow scales 1, fire resistance 1, sense surroundings 1,
electricity resistance
a: Renounce Religion


You were on level 4 of the Snake Pit.
You worshipped Vehumet.
Vehumet was exalted by your worship.
You were not hungry.

You visited 6 branches of the dungeon, and saw 31 of its levels.
You also visited: Ice Cave.

You collected 3141 gold pieces.
You spent 317 gold pieces at shops.

Inventory:

Hand Weapons
 K - a +3 quarterstaff of chaos
 R - the +11 quarterstaff of the Present (weapon) {elec, Fragile +Inv SInv}
   (You found it on level 1 of the Lair of Beasts)

   Occasionally, upon striking a foe, it will discharge some electrical energy
   and cause terrible harm.
   It lets you see invisible.
   It lets you turn invisible.
   It will be destroyed if unequipped.
Armour
 a - a +1 ring mail of poison resistance (worn)
 l - a +2 helmet (worn)
 y - a +2 robe of cold resistance
 A - a +0 pair of boots (worn)
 B - a +1 pair of gloves (worn)
 D - a +0 cloak (worn)
Jewellery
 u - a +5 ring of intelligence (left hand)
 v - a +3 ring of strength
 M - an uncursed ring of resist corrosion
 P - the amulet of Nihilism {Dismiss Fragile +Fly rF+ rN+}
   (You found it on level 1 of the Lair of Beasts)

   [amulet of dismissal]

   It may teleport away creatures that harm you.
   It protects you from fire.
   It protects you from negative energy.
   It lets you fly.
   It will be destroyed if unequipped.
 Q - an amulet of magic regeneration (around neck)
 Z - a +3 ring of intelligence (right hand)
Wands
 d - a wand of iceblast (4/15)
 e - a wand of flame (11/48)
 n - a wand of lightning (3/15)
 G - a wand of acid (4/15)
 S - a wand of digging (16/24)
 U - a wand of teleportation (3/9)
Scrolls
 o - 3 scrolls of teleportation
 p - 2 scrolls of enchant weapon
 s - 8 scrolls of identify
 w - 5 scrolls of recharging
 C - a scroll of fog
 T - 8 scrolls of remove curse
 X - 2 scrolls of blinking
Potions
 f - 2 potions of curing
 h - 3 potions of cure mutation
 j - 2 potions of resistance
 m - 4 potions of magic
 r - 5 potions of flight
 x - 3 potions of cancellation
 z - 6 potions of agility
 E - 3 potions of might
 F - 6 potions of brilliance
 O - 2 potions of haste
Books
 b - a book of Debilitation

   Spells                             Type                      Level
   a - Corona                         Hexes                        1
   b - Slow                           Hexes                        2
   c - Gell's Gravitas                Hexes/Translocation          3
   d - Inner Flame                    Hexes/Fire                   3
   e - Cause Fear                     Hexes                        4
   f - Leda's Liquefaction            Hexes/Earth                  4
 t - a book of Power

   Spells                             Type                      Level
   a - Fulminant Prism                Conjuration/Hexes            4
   b - Iskenderun's Mystic Blast      Conjuration                  4
   c - Venom Bolt                     Conjuration/Poison           5
   d - Bolt of Magma                  Conjuration/Fire/Earth       5
   e - Iron Shot                      Conjuration/Earth            6
   f - Orb of Destruction             Conjuration                  7
   g - Spellforged Servitor           Conjuration/Summoning        7
 I - a book of the Dragon

   Spells                             Type                      Level
   a - Flame Tongue                   Conjuration/Fire             1
   b - Cause Fear                     Hexes                        4
   c - Bolt of Fire                   Conjuration/Fire             6
   d - Dragon Form                    Transmutation                7
   e - Dragon's Call                  Summoning                    9
 V - a book of Conjurations

   Spells                             Type                      Level
   a - Magic Dart                     Conjuration                  1
   b - Searing Ray                    Conjuration                  2
   c - Dazzling Spray                 Conjuration/Hexes            3
   d - Fulminant Prism                Conjuration/Hexes            4
   e - Iskenderun's Mystic Blast      Conjuration                  4
   f - Iskenderun's Battlesphere      Conjuration/Charms           5
 W - a manual of Summonings
 Y - a book of Fire

   Spells                             Type                      Level
   a - Ignite Poison                  Fire/Transmutation/Poison    3
   b - Fireball                       Conjuration/Fire             5
   c - Bolt of Fire                   Conjuration/Fire             6
   d - Delayed Fireball               Conjuration/Fire             7
   e - Ring of Flames                 Charms/Fire                  7
Comestibles
 c - 20 bread rations
 g - 61 fruits
 k - 10 meat rations
 q - 6 beef jerkies


   Skills:
 + Level 6.8 Fighting
   Level 3.6(3.9) Short Blades
   Level 1.6(2.9) Long Blades
 + Level 6.7 Staves
 + Level 2.1 Armour
 + Level 11.3 Dodging
 + Level 7.7 Stealth
 + Level 18.3 Spellcasting
 + Level 12.2 Conjurations
 + Level 3.0 Charms
 + Level 1.3 Translocations
 + Level 0.2 Fire Magic
 + Level 0.4 Ice Magic
 * Level 19.1 Air Magic
 + Level 2.8 Evocations


You had 7 spell levels left.
You knew the following spells:

 Your Spells              Type           Power        Failure   Level  Hunger
a - Iskenderun's Battles  Conj/Chrm      ######..     2%          5    None
b - Repel Missiles        Chrm/Air       ######       1%          2    None
c - Static Discharge      Conj/Air       #######.     1%          3    None
d - Lightning Bolt        Conj/Air       #######...   1%          5    None
e - Blink                 Tloc           N/A          4%          2    None
f - Throw Flame           Conj/Fire      ######       1%          2    None
g - Orb of Destruction    Conj           #######...   8%          7    ####...
h - Throw Frost           Conj/Ice       ######       1%          2    None
i - Airstrike             Air            #######...   1%          4    None
j - Conjure Ball Lightni  Conj/Air       #######...   1%          6    None
k - Shock                 Conj/Air       ####         0%          1    None
l - Freezing Cloud        Conj/Ice/Air   ######....   3%          6    None


Dungeon Overview and Level Annotations

Branches:
Dungeon (14/15)            Temple (1/1) D:5            Lair (8/8) D:8
  Swamp (2/4) Lair:5        Snake (4/4) Lair:5        Slime (0/6) Lair:6
    Orc (2/2) D:11            Elf (0/3) Orc:2        Vaults (0/5) D:14

Altars:
Ashenzari
Cheibriados
Dithmenos
Elyvilon
Fedhas
Gozag
Kikubaaqudgha
Makhleb
Nemelex Xobeh
Okawaru
Pakellas
Qazlal
Ru
Sif Muna
Trog
Vehumet
Xom
Yredelemnul
Zin
The Shining One
Beogh

Shops:
D:5 ?*   Orc:2 %*%(   Snake:1 !   Snake:2 [

Annotations:
Swamp:2 Gekot's ghost, adept DEFE; Louise; Zebura's ghost, journeyman CeWr


Innate Abilities, Weirdness & Mutations

You have large cloven feet.
You are partially covered in yellow scales (AC +2).
Your flesh is heat resistant.
You passively map a small area around you.
You are resistant to electric shocks.


Message History

The naga seems to speed up.
You are very lightly contaminated with residual magic.
Drink which item? (? for menu, Esc to quit)
You feel better.
Your surroundings suddenly seem different.
Something loses its grip on you.
A greater naga comes into view. It is wielding a spear.
The greater naga shouts!
A greater naga comes into view. It is wielding a club.
The greater naga shouts!
The greater naga casts a spell at you. You resist with some effort.
Read which item? (? for menu, Esc to quit)
As you read the scroll of teleportation, it crumbles to dust.
You feel strangely unstable.
The greater naga points at you and mumbles some strange words.
The poison arrow hits you!
You are poisoned.
You partially resist.
You die...

**######*
*******,......######
**,,,,,,,.....N.....####
,,,,,,,,,..............##*
,,,,,*********#.@..N.....*
,,,**,*,*****#.##........**
,,,***,,,,,,..**##.......,*
,,**,,,,,,[..,,***###....,*
,**,,,,,,...,,,,,,****...,*
,**,,,,,,..,,,,,,,,,*,*..,*
***,,,,,,.,,,,,,,,,,,,,*.,**
**,,,,,,,,,,,,,,,,,,,,**,,,*
*,,,,,,,,,,,,,*,,,,,,,,*,,,*


You could see 2 greater nagas.

Vanquished Creatures
  Rupert (Lair:6)
  Kirke (Lair:6)
  2 greater nagas
  Azrael (D:13)
  Nessos (Lair:7)
  Josephine (D:10)
  Fannar (D:11)
  An ice dragon (Lair:7)
  Erolcha (D:9)
  13 hydras
  9 naga warriors
  Erica (Orc:1)
  4 centaur warriors
  3 anacondas
  4 ogre magi (Orc:2)
  4 alligators (Swamp:1)
  22 death yaks
  A tengu warrior (D:13)
  4 shock serpents
  5 naga sharpshooters
  Urug (D:10)
  5 skeletal warriors
  An unseen horror (D:14)
  2 salamander mystics (Snake:3)
  Pikel (D:5)
  2 swamp dragons
  6 hill giants
  2 deep elf magi
  3 ugly things
  2 mana vipers
  2 cyclopes
  9 salamanders
  2 orc sorcerers (Orc:1)
  A griffon (Lair:7)
  3 ice statues (IceCv)
  16 black mambas
  15 elephants
  10 naga magi
  Joseph (D:9)
  3 guardian serpents
  A gargoyle (D:14)
  24 spiny frogs
  2 rime drakes
  6 centaur skeletons
  A freezing wraith (D:13)
  2 kobold demonologists (D:13)
  10 komodo dragons
  A spriggan druid (Lair:8)
  A tengu conjurer (D:13)
  2 giant leeches
  A merfolk (D:11)
  A troll (shapeshifter) (D:14)
  7 polar bears
  18 two-headed ogres
  5 trolls
  23 blink frogs
  2 bog bodies
  10 slime creatures
  4 redbacks (Lair:8)
  13 spriggans
  3 vampires (D:14)
  3 wraiths
  A shadow (D:14)
  3 basilisks
  33 yaks
  3 wyverns
  14 hippogriffs
  3 fire elementals (D:13)
  2 hogs (Lair:6)
  3 hungry ghosts
  2 steam dragons
  5 vampire mosquitoes
  Menkaure (D:5)
  A mottled dragon (D:14)
  21 nagas
  A warg (Orc:2)
  7 swamp worms
  11 water moccasins
  4 hell hounds (D:13)
  A hornet simulacrum (D:13)
  19 porcupines
  2 swamp drakes (Swamp:1)
  2 slaves (D:5)
  16 orc warriors
  6 sky beasts
  7 black bears
  4 wasps
  3 phantoms
  A necrophage (D:12)
  10 ice beasts
  33 ogres
  10 wolves (Lair:8)
  19 centaurs
  5 big kobolds
  22 crocodiles
  17 giant frogs
  A gnoll sergeant (D:9)
  4 scorpions
  A wyvern skeleton (D:10)
  3 killer bees (D:13)
  8 wights
  2 howler monkeys (D:4)
  6 crimson imps
  3 giant frog zombies
  8 hounds
  3 jellies
  4 centaur zombies
  Crazy Yiuf (D:4)
  An iron imp (D:9)
  11 orc priests
  18 orc wizards
  Terence (D:2)
  13 iguanas
  11 worker ants
  Natasha (twice) (D:2)
  A killer bee zombie (D:7)
  20 sheep
  A hound skeleton (D:11)
  Robin (D:2)
  A worker ant zombie (D:9)
  8 gnolls
  15 adders
  47 river rats
  8 shadow imps
  14 white imps
  3 oozes
  2 adder zombies
  An adder skeleton (D:9)
  3 worms
  10 dart slugs
  4 giant geckos
  58 orcs
  A ball python (D:8)
  6 giant cockroaches
  10 goblins
  10 hobgoblins
  12 jackals
  19 kobolds
  6 quokkas
  2 bats
  5 giant newts
  2 goblin skeletons (D:9)
  A jackal zombie (D:6)
  2 kobold zombies (D:9)
  3 orc skeletons (D:9)
  2 orc zombies (D:9)
  A quokka zombie (D:8)
  10 rats
  A butterfly (Lair:1)
  2 fungi
  9 plants
1001 creatures vanquished.

Vanquished Creatures (others)
  27 ball lightnings
  A human (Lair:6)
  A jelly (D:5)
  An orc (Orc:2)
  33 fungi
  22 plants
85 creatures vanquished.

Grand Total: 1086 creatures vanquished

Notes
Turn   | Place    | Note
--------------------------------------------------------------
     0 | D:1      | dvd the High Elf Air Elementalist began the quest for the Orb.
     0 | D:1      | Reached XP level 1. HP: 11/11 MP: 4/4
    87 | D:1      | Reached skill level 4 in Air Magic
   265 | D:1      | Reached XP level 2. HP: 17/17 MP: 2/6
   335 | D:1      | Learned a level 2 spell: Repel Missiles
   874 | D:1      | Reached XP level 3. HP: 21/21 MP: 5/8
  1281 | D:2      | Learned a level 3 spell: Static Discharge
  1284 | D:2      | Noticed Terence
  1292 | D:2      | Killed Terence
  1292 | D:2      | Reached XP level 4. HP: 27/27 MP: 1/9
  1410 | D:2      | Noticed Robin
  1413 | D:2      | Killed Robin
  1416 | D:2      | Reached skill level 5 in Air Magic
  1554 | D:2      | Noticed Natasha
  1563 | D:2      | Killed Natasha
  1756 | D:2      | Noticed Natasha
  1818 | D:2      | Killed Natasha
  1818 | D:2      | Reached XP level 5. HP: 17/31 MP: 5/11
  2387 | D:3      | Found a faded altar to an unknown god.
  3056 | D:3      | Found a burning altar of Makhleb.
  3056 | D:3      | Noticed an Executioner
  3059 | D:3      | Noticed an orange demon
  3059 | D:3      | Noticed a ynoxinul
  3438 | D:4      | Noticed a phantom
  3452 | D:4      | Killed a phantom
  3452 | D:4      | Reached XP level 6. HP: 34/36 MP: 0/13
  3756 | D:4      | Got a steaming mace
  3757 | D:4      | Identified the +0 mace of Nerghir {antimagic, *Corrode rC+++ MR+} (You found it on level 4 of the Dungeon)
  3832 | D:4      | Noticed Crazy Yiuf
  3838 | D:4      | Killed Crazy Yiuf
  4191 | D:4      | Reached skill level 1 in Short Blades
  4475 | D:5      | Entered Level 5 of the Dungeon
  4479 | D:5      | Reached skill level 1 in Fighting
  4479 | D:5      | Reached skill level 6 in Air Magic
  4479 | D:5      | Reached XP level 7. HP: 42/43 MP: 13/15
  4496 | D:5      | Learned a level 5 spell: Lightning Bolt
  4599 | D:5      | Found Uliozuath's Magic Scroll Shop.
  4998 | D:5      | Learned a level 2 spell: Blink
  5010 | D:5      | Found a staircase to the Ecumenical Temple.
  5019 | Temple   | Entered the Ecumenical Temple
  5115 | Temple   | Became a worshipper of Vehumet
  5338 | D:5      | Noticed Menkaure
  5346 | D:5      | Killed Menkaure
  5346 | D:5      | Reached skill level 5 in Spellcasting
  5905 | D:5      | Found an opulent altar of Gozag.
  5965 | D:5      | Found Gozag's Platinum Reserve.
  6018 | D:5      | Noticed Pikel
  6026 | D:5      | Killed Pikel
  6026 | D:5      | Reached skill level 7 in Air Magic
  6026 | D:5      | Reached XP level 8. HP: 50/50 MP: 3/18
  6110 | D:5      | Reached skill level 5 in Conjurations
  6666 | D:6      | Reached * piety under Vehumet
  6666 | D:6      | Offered knowledge of Sting by Vehumet.
  6734 | D:6      | Found a bloodstained altar of Trog.
  6794 | D:6      | Reached XP level 9. HP: 55/55 MP: 2/20
  7211 | D:7      | Reached skill level 8 in Air Magic
  7225 | D:7      | Reached skill level 5 in Dodging
  7705 | D:6      | HP: 1/55 [centaur (7)]
  8081 | D:7      | Reached ** piety under Vehumet
  8081 | D:7      | Offered knowledge of Throw Flame by Vehumet.
  8327 | D:7      | Noticed a troll
  8491 | D:7      | Killed a troll
  8491 | D:7      | Reached skill level 5 in Stealth
  8643 | D:7      | Gained mutation: Your flesh is heat resistant. [potion of mutation]
  8643 | D:7      | Gained mutation: You evolve. [potion of mutation]
  8643 | D:7      | Gained mutation: You passively map a small area around you. [potion of mutation]
  8807 | D:8      | Reached skill level 1 in Evocations
  9123 | D:8      | Noticed a hill giant
  9128 | D:8      | Killed a hill giant
  9128 | D:8      | Reached skill level 9 in Air Magic
  9144 | D:8      | Reached XP level 10. HP: 40/62 MP: 5/23
  9329 | D:8      | Learned a level 2 spell: Throw Flame
  9334 | D:8      | Learned a level 4 spell: Iskenderun's Mystic Blast
  9506 | D:8      | Found a staircase to the Lair.
  9783 | D:8      | Noticed an elephant
  9785 | D:8      | Killed an elephant
 10273 | D:9      | Offered knowledge of Throw Frost by Vehumet.
 10458 | D:9      | Noticed Joseph
 10598 | D:9      | Found a glowing golden altar of the Shining One.
 10628 | D:9      | Noticed Erolcha
 10720 | D:8      | Learned a level 2 spell: Throw Frost
 10723 | D:9      | Killed Erolcha
 11419 | D:9      | Reached *** piety under Vehumet
 11537 | D:9      | Killed Joseph
 11806 | D:10     | Entered Level 10 of the Dungeon
 12068 | D:10     | Noticed a hill giant
 12389 | D:10     | Reached skill level 10 in Air Magic
 12579 | D:10     | Reached XP level 11. HP: 67/67 MP: 10/25
 12585 | D:10     | Offered knowledge of Stone Arrow by Vehumet.
 12865 | D:10     | Noticed Urug
 12887 | D:10     | Killed Urug
 12895 | D:10     | Noticed Josephine
 13210 | D:10     | Killed a hill giant
 13397 | D:10     | Killed Josephine
 13397 | D:10     | Reached skill level 10 in Spellcasting
 13776 | D:9      | Reached skill level 1 in Long Blades
 14140 | D:10     | Reached **** piety under Vehumet
 14149 | D:10     | Offered knowledge of Airstrike by Vehumet.
 14155 | D:10     | Learned a level 4 spell: Airstrike
 14246 | D:10     | Noticed a sea snake
 14893 | D:11     | Found a staircase to the Orcish Mines.
 15040 | D:11     | Noticed Fannar
 15047 | D:11     | Killed Fannar
 15588 | D:11     | Noticed a white ugly thing
 15591 | D:11     | Noticed a red ugly thing
 15955 | Lair:1   | Entered Level 1 of the Lair of Beasts
 15964 | Lair:1   | Got a transparent steel amulet
 16013 | Lair:1   | Gained mutation: You are resistant to electric shocks. [evolution]
 16247 | Lair:1   | Got an ancient quarterstaff
 16248 | Lair:1   | Identified the +11 quarterstaff of the Present {elec, Fragile +Inv SInv} (You found it on level 1 of the Lair of Beasts)
 16266 | Lair:1   | Reached skill level 11 in Air Magic
 17339 | Lair:2   | Reached XP level 12. HP: 61/74 MP: 25/28
 18465 | Lair:2   | Got a bound pewter ring
 18467 | Lair:2   | Identified the ring of Sovereignty {*Tele Str+2} (You found it on level 2 of the Lair of Beasts)
 19277 | Lair:3   | Reached skill level 12 in Air Magic
 19539 | Lair:3   | Identified the amulet of Nihilism {Dismiss Fragile +Fly rF+ rN+} (You found it on level 1 of the Lair of Beasts)
 20972 | Lair:4   | Reached ***** piety under Vehumet
 21043 | Lair:4   | Noticed a six-headed hydra
 21050 | Lair:4   | Killed a six-headed hydra
 21172 | Lair:4   | Offered knowledge of Delayed Fireball by Vehumet.
 21249 | Lair:4   | Reached skill level 13 in Air Magic
 22105 | Lair:5   | Reached XP level 13. HP: 79/79 MP: 18/31
 22290 | Lair:5   | Found a staircase to the Snake Pit.
 22902 | Lair:5   | Reached skill level 14 in Air Magic
 23000 | Lair:5   | Found a staircase to the Swamp.
 23432 | Lair:6   | Noticed Rupert
 23484 | Lair:6   | Killed Rupert
 23864 | Lair:6   | Reached skill level 10 in Conjurations
 23974 | Lair:6   | Noticed Kirke
 23975 | Lair:6   | Found a staircase to the Slime Pits.
 23984 | Lair:6   | Killed Kirke
 23984 | Lair:6   | Reached skill level 10 in Dodging
 24264 | Lair:6   | Gained mutation: You are partially covered in yellow scales (AC +2). [evolution]
 24859 | Lair:7   | Reached skill level 1 in Staves
 25135 | Lair:7   | Reached skill level 15 in Air Magic
 25229 | Lair:7   | Noticed Nessos
 25247 | Lair:7   | Killed Nessos
 25247 | Lair:7   | Reached XP level 14. HP: 37/86 MP: 18/33
 25564 | Lair:7   | Offered knowledge of Conjure Ball Lightning by Vehumet.
 25564 | Lair:7   | Reached skill level 15 in Spellcasting
 25812 | Lair:7   | Learned a level 6 spell: Conjure Ball Lightning
 26839 | Lair:8   | Entered Level 8 of the Lair of Beasts
 27092 | Lair:8   | Gained mutation: You have large cloven feet. [evolution]
 27092 | Lair:8   | Lost mutation: You evolve. [end of evolution]
 27627 | Lair:8   | Reached skill level 5 in Staves
 27638 | Lair:8   | Reached skill level 16 in Air Magic
 28410 | Lair:8   | Offered knowledge of Ozocubu's Refrigeration by Vehumet.
 28625 | Lair:8   | Reached XP level 15. HP: 90/91 MP: 36/36
 28670 | Lair:8   | Reached skill level 5 in Fighting
 28954 | Lair:8   | Learned a level 5 spell: Iskenderun's Battlesphere
 29470 | Orc:1    | Entered Level 1 of the Orcish Mines
 29525 | Orc:1    | Noticed Erica
 29576 | Orc:1    | Killed Erica
 29819 | Orc:1    | Offered knowledge of Freezing Cloud by Vehumet.
 30043 | Orc:2    | Entered Level 2 of the Orcish Mines
 30166 | Orc:2    | Found a staircase to the Elven Halls.
 30609 | Orc:2    | Found a roughly hewn altar of Beogh.
 30717 | Orc:2    | Found Vaisor Wuwna's Weapon Shoppe.
 30717 | Orc:2    | Found Ytoak's General Store.
 30717 | Orc:2    | Found Gecedit's Food Shop.
 30717 | Orc:2    | Found Uzoar Xaxt's Food Emporium.
 30909 | Orc:2    | Learned a level 6 spell: Freezing Cloud
 30968 | D:12     | Reached ****** piety under Vehumet
 30971 | D:12     | Offered knowledge of Bolt of Cold by Vehumet.
 31082 | D:12     | Reached skill level 1 in Charms
 31698 | D:13     | Learned a level 7 spell: Orb of Destruction
 31739 | D:13     | Found a frozen archway.
 31837 | IceCv    | Entered an ice cave
 32456 | D:13     | Noticed Azrael
 32465 | D:13     | Killed Azrael
 32474 | D:13     | Offered knowledge of Poison Arrow by Vehumet.
 32876 | D:13     | Reached skill level 17 in Air Magic
 33511 | D:14     | Reached XP level 16. HP: 59/101 MP: 5/38
 33878 | D:13     | Reached skill level 1 in Translocations
 34223 | D:14     | Found a gate to the Vaults.
 34566 | Swamp:1  | Entered Level 1 of the Swamp
 35951 | Swamp:2  | Noticed Louise
 35957 | Swamp:2  | Offered knowledge of Ozocubu's Refrigeration by Vehumet.
 36415 | Swamp:2  | Noticed Zebura's ghost (journeyman CeWr)
 36752 | Swamp:2  | Noticed Gekot's ghost (adept DEFE)
 37530 | Swamp:2  | Reached skill level 18 in Air Magic
 37811 | Snake:1  | Entered Level 1 of the Snake Pit
 38434 | Snake:1  | Reached skill level 1 in Armour
 39180 | Snake:1  | Found Sisiyl's Distillery.
 39190 | Snake:1  | Bought a potion of resistance for 160 gold pieces
 39895 | Snake:2  | Found Ziuprog's Antique Armour Shoppe.
 39908 | Snake:2  | Bought a pair of runed gloves for 157 gold pieces
 41206 | Snake:3  | Offered knowledge of Shatter by Vehumet.
 41206 | Snake:3  | Offered knowledge of Chain Lightning by Vehumet.
 41206 | Snake:3  | Offered knowledge of Tornado by Vehumet.
 41206 | Snake:3  | Reached skill level 19 in Air Magic
 41839 | Snake:3  | Reached XP level 17. HP: 107/107 MP: 26/40
 42077 | Snake:4  | Entered Level 4 of the Snake Pit
 42095 | Snake:4  | HP: 5/107 [naga sharpshooter/bolt (3)]
 42099 | Snake:4  | Killed from afar by a greater naga

Skill      XL: |  1  2  3  4  5  6  7  8  9 10 11 12 13 14 15 16 |
---------------+-------------------------------------------------+-----
Air Magic      | 4 5 6 7 9 10 11 13 15 16 17 19 | 19.1
Spellcasting   | 3 4 6 8 9 11 13 14 16 17 18 | 18.3
Conjurations   | 2 3 4 5 7 8 9 10 11 12 | 12.2
Dodging        | 3 4 6 7 9 10 11 | 11.3
Stealth        | 3 4 5 6 7 |  7.7
Short Blades   | 1 2 3 |  3.6
Fighting       | 1 2 3 4 6 |  6.8
Evocations     | 1 2 |  2.8
Long Blades    | 1 |  1.6
Staves         | 2 5 6 |  6.7
Charms         | 1 3 |  3.0
Translocations | 1 |  1.3
Armour         | 2 |  2.1
Fire Magic     | |  0.2
Ice Magic      | |  0.4

Action                   |  1- 3 |  4- 6 |  7- 9 | 10-12 | 13-15 | 16-18 || total
-------------------------+-------+-------+-------+-------+-------+-------++-------
Melee: Dagger            |     3 |    61 |    92 |   175 |       |       ||   331
       Quarterstaff      |       |       |     3 |    91 |   299 |    49 ||   442
       Falchion          |       |       |    28 |    49 |       |       ||    77
 Cast: Shock             |    59 |    84 |    85 |    11 |    19 |       ||   258
       Static Discharge  |       |    10 |    29 |    80 |    48 |    10 ||   177
       Repel Missiles    |       |     1 |     2 |     3 |     3 |     4 ||    13
       Lightning Bolt    |       |       |    33 |   114 |   281 |   146 ||   574
       Iskenderun's Myst |       |       |       |    12 |       |       ||    12
       Throw Flame       |       |       |       |     8 |     5 |       ||    13
       Throw Frost       |       |       |       |     4 |     1 |       ||     5
       Airstrike         |       |       |       |   122 |   183 |    82 ||   387
       Blink             |       |       |       |       |    10 |     6 ||    16
       Conjure Ball Ligh |       |       |       |       |    10 |     1 ||    11
       Iskenderun's Batt |       |       |       |       |    26 |    31 ||    57
       Orb of Destructio |       |       |       |       |    11 |    15 ||    26
       Freezing Cloud    |       |       |       |       |       |     6 ||     6
Evoke: Wand              |       |       |     7 |    21 |     9 |     3 ||    40
  Use: Potion            |       |       |     8 |     6 |     7 |     8 ||    29
       Scroll            |       |       |    10 |    16 |    13 |    10 ||    49
 Stab: Sleeping          |       |     7 |     2 |    18 |     6 |       ||    33
       Invisible         |       |       |     1 |       |       |       ||     1
       Paralysed         |       |       |       |     4 |       |       ||     4
       Distracted        |       |       |       |     1 |     1 |       ||     2
  Eat: Chunk             |     1 |    10 |    21 |    40 |    32 |    13 ||   117
       Pizza             |       |       |     1 |     1 |       |     3 ||     5
       Meat ration       |       |       |       |     2 |       |     1 ||     3
       Royal jelly       |       |       |       |     1 |     1 |       ||     2
       Beef jerky        |       |       |       |     2 |     4 |     5 ||    11
Armor: Robe              |     1 |    21 |    46 |    85 |    99 |    19 ||   271
       Ring mail         |       |       |       |       |       |    19 ||    19
Dodge: Dodged            |     4 |    54 |   155 |   396 |   470 |   122 ||  1201
       Deflected         |       |     1 |     6 |     7 |    31 |    19 ||    64
